Heat vs Reign

Created - Sunday, April 17, 2016 at 00:22

Goals
1 2 3 T
Heat 3 0 3 6
Reign 0 0 1 1
Shots
1 2 3 T
Heat 9 16 10 35
Reign 6 3 8 17

1st period

1. Heat , Lucas Lessio 1 (Michael Ryder, Keith Ballard) at 1:36
2. Heat , Seth Griffith 2 (Brooks Laich) at 4:58
3. Heat , Seth Griffith 3 (Stephane Veilleux) at 8:10 (PP)

Penalties :
Konrad Abeltshauser (STO) for Holding (Minor) at 2:27, Luke Gazdic (ONT) for Hooking (Minor) at 7:53, Eric Boulton (STO) for Holding (Minor) at 14:59

2nd period

No Goal

Penalties :
Tom Kostopoulos (ONT) for Tripping (Minor) at 6:08, Nathan Paetsch (ONT) for Roughing (Minor) at 10:08, Luke Gazdic (ONT) for Fighting (Major) at 13:32, Konrad Abeltshauser (STO) for Fighting (Major) at 13:32

3rd period

4. Heat , Johan Larsson 1 (Konrad Abeltshauser, Corey Potter) at 6:09
5. Heat , Tyson Strachan 2 (Jason Garrison, Johan Larsson) at 9:27 (PP)
6. Reign , Teuvo Teravainen 3 (C.J. Stretch) at 10:50
7. Heat , Michael Ryder 2 (Lucas Lessio, Konrad Abeltshauser) at 19:24

Penalties :
Tom Kostopoulos (ONT) for Tripping (Minor) at 7:39, Davis Drewiske (ONT) for Interference (Minor) at 16:41, Taylor Doherty (ONT) for Fighting (Major) at 19:27, Tyson Strachan (STO) for Fighting (Major) at 19:27, Tyson Strachan (STO) for instigated a fight (Minor) at 19:27, Tyson Strachan (STO) for instigated a fight (10 Minutes Misconduct) at 19:27

Goalie Stats

Michael Leighton (STO), 16 saves from 17 shots - (0.941), W, 3-0-0, 60:00 minutes
Reto Berra (ONT), 29 saves from 35 shots - (0.829), L, 0-2-1, 60:00 minutes

Players Stats for Heat

Player Name              G  A  P  +/- PIM S  H  SB GA TA FO     MP     PP MP  PK MP  
------------------------------------------------------------------------------------
Andre Burakovsky         0  0  0   1  0   1  0  0  4  1  0/0    15:59   3:41   0:00 
Brooks Laich             0  1  1   1  0   2  1  0  3  1  0/1    15:37   3:41   0:00 
Corey Potter             0  1  1   1  0   0  0  0  0  1  0/0    20:30   4:06   1:30 
Eric Boulton             0  0  0  -1  2   0  3  0  1  0  0/0    10:48   0:00   0:00 
Jason Garrison           0  1  1  -1  0   2  2  1  0  1  0/0    25:25   4:06   2:11 
Johan Larsson            1  1  2   1  0   4  2  0  2  0  8/12   15:59   3:41   0:00 
Keith Ballard            0  1  1   3  0   2  4  2  0  2  0/0    23:51   3:56   2:19 
Konrad Abeltshauser      0  2  2   1  7   0  2  1  0  0  0/0    13:19   0:00   1:13 
Lucas Lessio             1  1  2   2  0   3  2  0  0  0  0/0    12:30   0:00   0:00 
Matt Ellis               0  0  0   1  0   2  1  1  1  1  4/13   15:47   4:21   0:00 
Max Reinhart             0  0  0   2  0   0  0  0  0  1  8/16   15:01   0:00   2:22 
Michael Ferland          0  0  0  -1  0   2  0  1  1  0  0/0    13:13   0:00   2:08 
Michael Ryder            1  1  2   2  0   4  0  0  2  2  0/0    15:01   0:00   2:22 
Seth Griffith            2  0  2   1  0   7  2  0  3  0  1/2    15:47   4:21   0:00 
Stephane Veilleux        0  1  1   1  0   1  3  1  1  0  0/0    16:09   4:21   0:00 
Tyler Pitlick            0  0  0  -1  0   2  0  0  2  0  1/8    13:13   0:00   2:08 
Tyler Wotherspoon        0  0  0   3  0   0  0  0  1  1  0/0    15:17   0:00   0:00 
Tyson Strachan           1  0  1  -1  17  3  4  1  0  1  0/0    22:00   3:56   1:47 

Players Stats for Reign

Player Name              G  A  P  +/- PIM S  H  SB GA TA FO     MP     PP MP  PK MP  
------------------------------------------------------------------------------------
Brett Olson              0  0  0  -3  0   0  1  0  1  0  6/10   17:15   2:21   0:00 
Brian McGrattan          0  0  0   1  0   1  0  0  0  0  4/5    13:52   2:09   0:44 
C.J. Stretch             0  1  1   1  0   1  0  2  0  0  2/8    16:39   0:26   2:32 
Davis Drewiske           0  0  0  -1  2   0  3  1  0  5  0/0    21:51   2:18   2:47 
Evan Oberg               0  0  0   0  0   0  1  1  0  0  0/0    10:13   0:00   0:00 
Jake McCabe              0  0  0   0  0   0  0  2  0  1  0/0    12:35   0:00   1:59 
Jared Knight             0  0  0   0  0   0  0  0  0  0  0/0     0:00   0:00   0:00 
Jason Jaffray            0  0  0   0  0   0  2  1  0  0  4/7    21:01   2:09   5:30 
Jordan Hill              0  0  0   0  0   0  0  0  0  0  0/0     0:00   0:00   0:00 
Justin Falk              0  0  0  -2  0   1  1  7  0  3  0/0    26:32   2:44   3:16 
Luke Gazdic              0  0  0  -1  7   1  0  0  0  0  0/0     9:35   0:00   0:21 
Matej Stransky           0  0  0  -1  0   0  2  1  1  0  0/0    12:28   0:00   0:00 
Mikhail Grigorenko       0  0  0   0  0   2  3  0  6  2  9/12   17:18   2:21   3:19 
Nathan Paetsch           0  0  0  -1  2   2  1  1  0  2  0/0    23:40   1:46   4:46 
Taylor Doherty           0  0  0  -2  5   0  3  4  0  0  0/0    25:55   2:12   3:16 
Teuvo Teravainen         1  0  1   1  0   4  0  0  6  0  0/1    23:56   1:43   3:38 
Tom Kostopoulos          0  0  0  -4  4   3  2  0  1  0  3/6    23:13   2:21   0:00 
William Karlsson         0  0  0  -3  0   2  0  0  4  0  2/3    15:48   0:00   0:00 

3 Stars

1 - Seth Griffith (STO)
2 - Lucas Lessio (STO)
3 - Johan Larsson (STO)

Power Play

Heat - 2 on 5 Attempt(s) - 40.00%
Reign - 0 on 3 Attempt(s) - 0.00%

Penalty Kill

Heat - 3 on 3 Attempt(s) - 100.00% - Score 0 goal in Penalty Kill
Reign - 3 on 5 Attempt(s) - 60.00% - Score 0 goal in Penalty Kill

Team Stat

Heat - Hits : 26 - Faceoff Wins : 22 - Blocked Shots : 8 - Penalty Minutes : 26
Reign - Hits : 19 - Faceoff Wins : 30 - Blocked Shots : 20 - Penalty Minutes : 20

Official

Referees : Unknown
Linesman : Unknown

Game Notes

Luke Gazdic and Konrad Abeltshauser fight to a draw at 13:32 of 2nd period
Taylor Doherty beats up Tyson Strachan at 19:27 of 3rd period

Finance

Level 1 -- Attendance: 1754 (87.70%) -- Ticket Income $52,620
Level 2 -- Attendance: 876 (87.60%) -- Ticket Income $10,512
Total Attendance: 2630 (87.67%)
Total Ticket Income: $63,132
Other Income: $30,935
Total Income: $94,067

Heat

5 vs 5 Forward 
   Center                   Left Wing                Right Wing               Time % Phy DF OF 
 1 Johan Larsson            Stephane Veilleux        Andre Burakovsky         28     0   1  4  
 2 Matt Ellis               Brooks Laich             Seth Griffith            25     0   1  4  
 3 Max Reinhart             Lucas Lessio             Michael Ryder            25     0   1  4  
 4 Tyler Pitlick            Michael Ferland          Eric Boulton             22     1   2  2  

5 vs 5 Defense 
   Defense                  Defense                                           Time % Phy DF OF 
 1 Jason Garrison           Tyson Strachan                                    35     1   2  2  
 2 Keith Ballard            Tyler Wotherspoon                                 30     1   2  2  
 3 Konrad Abeltshauser      Corey Potter                                      25     1   2  2  
 4 Jason Garrison           Keith Ballard                                     10     1   2  2  

PowerPlay Forward 
   Center                   Left Wing                Right Wing               Time % Phy DF OF 
 1 Johan Larsson            Brooks Laich             Andre Burakovsky         50     0   0  5  
 2 Matt Ellis               Stephane Veilleux        Seth Griffith            50     0   0  5  

PowerPlay Defense
   Defense                  Defense                                           Time % Phy DF OF 
 1 Jason Garrison           Corey Potter                                      50     0   0  5  
 2 Keith Ballard            Tyson Strachan                                    50     0   0  5  

Penalty Kill 4 Players Forward 
   Center                   Wing                     Time % Phy DF OF 
 1 Tyler Pitlick            Michael Ferland          50     0   5  0  
 2 Max Reinhart             Michael Ryder            50     0   5  0  

Penalty Kill 4 Players Defense
   Defense                  Defense                  Time % Phy DF OF 
 1 Keith Ballard            Tyson Strachan           50     0   5  0  
 2 Jason Garrison           Konrad Abeltshauser      50     0   5  0  

Penalty Kill - 3 Players Forward 
   Forward                                           Time % Phy DF OF 
 1 Tyler Pitlick                                     50     0   5  0  
 2 Max Reinhart                                      50     0   5  0  

Penalty Kill - 3 Players Defense
   Defense                  Defense                  Time % Phy DF OF 
 1 Jason Garrison           Keith Ballard            50     0   5  0  
 2 Konrad Abeltshauser      Tyson Strachan           50     0   5  0  

4 vs 4 Forward 
   Center                   Wing                     Time % Phy DF OF 
 1 Matt Ellis               Andre Burakovsky         50     1   2  2  
 2 Johan Larsson            Seth Griffith            50     1   2  2  

4 vs 4 Defense
   Defense                  Defense                  Time % Phy DF OF 
 1 Jason Garrison           Corey Potter             50     1   2  2  
 2 Keith Ballard            Tyson Strachan           50     1   2  2  

Last Minutes Offensive
   Center                   Left Wing                Right Wing               Defense                  Defense                  
   Johan Larsson            Lucas Lessio             Andre Burakovsky         Jason Garrison           Keith Ballard            

Last Minutes Defensive
   Center                   Left Wing                Right Wing               Defense                  Defense                  
   Matt Ellis               Stephane Veilleux        Brooks Laich             Jason Garrison           Tyson Strachan           

Goaltenders
Starting : Michael Leighton         
Backup : Andrei Vasilevskiy       

Extra Forwards
Normal : Michael Ryder, Michael Ferland, Stephane Veilleux - PP : Michael Ryder, Michael Ferland - PK : Eric Boulton
Extra Defensemen
Normal : Keith Ballard, Corey Potter, Tyler Wotherspoon - PP : Konrad Abeltshauser - PK : Corey Potter, Tyler Wotherspoon
Penalty Shots
Michael Ryder, Lucas Lessio, Brooks Laich, Andre Burakovsky, Johan Larsson

Reign

5 vs 5 Forward 
   Center                   Left Wing                Right Wing               Time % Phy DF OF 
 1 Mikhail Grigorenko       Jason Jaffray            Teuvo Teravainen         35     1   2  2  
 2 Brett Olson              William Karlsson         Tom Kostopoulos          30     1   2  2  
 3 C.J. Stretch             Teuvo Teravainen         Brian McGrattan          22     1   2  2  
 4 Tom Kostopoulos          Luke Gazdic              Matej Stransky           13     1   2  2  

5 vs 5 Defense 
   Defense                  Defense                                           Time % Phy DF OF 
 1 Taylor Doherty           Justin Falk                                       35     1   2  2  
 2 Nathan Paetsch           Davis Drewiske                                    30     1   2  2  
 3 Taylor Doherty           Jake McCabe                                       22     1   2  2  
 4 Evan Oberg               Justin Falk                                       13     1   2  2  

PowerPlay Forward 
   Center                   Left Wing                Right Wing               Time % Phy DF OF 
 1 Brian McGrattan          Jason Jaffray            Teuvo Teravainen         60     1   2  2  
 2 Brett Olson              Mikhail Grigorenko       Tom Kostopoulos          40     1   2  2  

PowerPlay Defense
   Defense                  Defense                                           Time % Phy DF OF 
 1 Taylor Doherty           Justin Falk                                       60     1   2  2  
 2 Nathan Paetsch           Davis Drewiske                                    40     1   2  2  

Penalty Kill 4 Players Forward 
   Center                   Wing                     Time % Phy DF OF 
 1 Jason Jaffray            Teuvo Teravainen         60     1   2  2  
 2 Tom Kostopoulos          Brian McGrattan          40     1   2  2  

Penalty Kill 4 Players Defense
   Defense                  Defense                  Time % Phy DF OF 
 1 Taylor Doherty           Justin Falk              60     1   2  2  
 2 Nathan Paetsch           Davis Drewiske           40     1   2  2  

Penalty Kill - 3 Players Forward 
   Forward                                           Time % Phy DF OF 
 1 Tom Kostopoulos                                   60     1   2  2  
 2 Teuvo Teravainen                                  40     1   2  2  

Penalty Kill - 3 Players Defense
   Defense                  Defense                  Time % Phy DF OF 
 1 Evan Oberg               Justin Falk              60     1   2  2  
 2 Nathan Paetsch           Davis Drewiske           40     1   2  2  

4 vs 4 Forward 
   Center                   Wing                     Time % Phy DF OF 
 1 Jason Jaffray            Teuvo Teravainen         60     1   2  2  
 2 Tom Kostopoulos          Brian McGrattan          40     1   2  2  

4 vs 4 Defense
   Defense                  Defense                  Time % Phy DF OF 
 1 Jake McCabe              Justin Falk              60     1   2  2  
 2 Nathan Paetsch           Davis Drewiske           40     1   2  2  

Last Minutes Offensive
   Center                   Left Wing                Right Wing               Defense                  Defense                  
   Mikhail Grigorenko       Jason Jaffray            Teuvo Teravainen         Nathan Paetsch           Justin Falk              

Last Minutes Defensive
   Center                   Left Wing                Right Wing               Defense                  Defense                  
   Mikhail Grigorenko       Jason Jaffray            Teuvo Teravainen         Nathan Paetsch           Justin Falk              

Goaltenders
Starting : Reto Berra               
Backup : Troy Grosenick           

Extra Forwards
Normal : C.J. Stretch, Matej Stransky, Teuvo Teravainen - PP : C.J. Stretch, Matej Stransky - PK : Teuvo Teravainen
Extra Defensemen
Normal : Taylor Doherty, Jake McCabe, Evan Oberg - PP : Taylor Doherty - PK : Jake McCabe, Evan Oberg
Penalty Shots
C.J. Stretch, Teuvo Teravainen, Tom Kostopoulos, Brian McGrattan, Jason Jaffray

% Time on Ice - Heat

Lines # - Real PCT - Wanted PCT - Time Play
Normal Forward
1 - 27% - 28% - 12:43
2 - 24% - 25% - 11:35
3 - 26% - 25% - 12:30
4 - 22% - 22% - 10:40
Normal Defense
1 - 35% - 35% - 16:45
2 - 31% - 30% - 14:57
3 - 29% - 25% - 13:39
4 - 4% - 10% - 2:07
PP Forward
1 - 46% - 50% - 3:41
2 - 54% - 50% - 4:21
PP Defense
1 - 51% - 50% - 4:06
2 - 49% - 50% - 3:56
PK Forward
1 - 47% - 50% - 2:08
2 - 53% - 50% - 2:22
PK Defense
1 - 51% - 50% - 2:19
2 - 49% - 50% - 2:11
PK3 Forward
1 - 0% - 50%
2 - 0% - 50%
PK3 Defense
1 - 0% - 50%
2 - 0% - 50%
44 Forward
1 - 0% - 50%
2 - 0% - 50%
44 Defense
1 - 0% - 50%
2 - 0% - 50%
Last Minute Offensive  - 0:00
Last Minute Defensive  - 0:00
Total
Forward - 60:00
Defense - 60:00

% Time on Ice - Reign

Lines # - Real PCT - Wanted PCT - Time Play
Normal Forward
1 - 26% - 35% - 12:34
2 - 31% - 30% - 14:54
3 - 19% - 22% - 9:03
4 - 23% - 13% - 10:57
Normal Defense
1 - 23% - 35% - 10:57
2 - 35% - 30% - 16:47
3 - 21% - 22% - 10:09
4 - 20% - 13% - 9:35
PP Forward
1 - 48% - 60% - 2:09
2 - 52% - 40% - 2:21
PP Defense
1 - 61% - 60% - 2:44
2 - 39% - 40% - 1:46
PK Forward
1 - 91% - 60% - 7:18
2 - 9% - 40% - 0:44
PK Defense
1 - 41% - 60% - 3:16
2 - 59% - 40% - 4:46
PK3 Forward
1 - 0% - 60%
2 - 0% - 40%
PK3 Defense
1 - 0% - 60%
2 - 0% - 40%
44 Forward
1 - 0% - 60%
2 - 0% - 40%
44 Defense
1 - 0% - 60%
2 - 0% - 40%
Last Minute Offensive  - 0:00
Last Minute Defensive  - 0:00
Total
Forward - 60:00
Defense - 60:00

Play by Play

1st period


0:01 of 1st period - Mikhail Grigorenko wins face-off versus Johan Larsson in neutral zone.
1:13 of 1st period - Davis Drewiske is hit by Brooks Laich and loses puck.
1:36 of 1st period - Snap shot by Lucas Lessio.
1:36 of 1st period - Goal by Lucas Lessio - Heat : 1 - Reign : 0.
1:37 of 1st period - C.J. Stretch wins face-off versus Tyler Pitlick in neutral zone.
2:02 of 1st period - Wrist shot by Tyler Pitlick.
2:02 of 1st period - Stopped by Reto Berra with a rebound.
2:04 of 1st period - Snap shot by Eric Boulton.
2:04 of 1st period - Shot Misses the Net.
2:06 of 1st period - Wrist shot by Tyler Pitlick.
2:06 of 1st period - Shot Misses the Net.
2:08 of 1st period - Slapshot by Corey Potter.
2:08 of 1st period - Shot Blocked by C.J. Stretch.
2:10 of 1st period - Snap shot by Eric Boulton.
2:10 of 1st period - Shot Misses the Net.
2:27 of 1st period - Minor Penalty to Konrad Abeltshauser for Holding.
2:28 of 1st period - Brett Olson wins face-off versus Max Reinhart in Heat zone.
3:34 of 1st period - Tyler Pitlick is hit by Jason Jaffray and loses puck.
4:27 of 1st period - Penalty to Konrad Abeltshauser is over, Konrad Abeltshauser is back on ice.
4:42 of 1st period - Icing by Corey Potter.
4:43 of 1st period - Brett Olson wins face-off versus Tyler Pitlick in Heat zone.
4:58 of 1st period - Snap shot by Seth Griffith.
4:58 of 1st period - Goal by Seth Griffith - Heat : 2 - Reign : 0.
4:59 of 1st period - Max Reinhart wins face-off versus C.J. Stretch in neutral zone.
5:08 of 1st period - Wrist shot by Lucas Lessio.
5:08 of 1st period - Stopped by Reto Berra with a rebound.
5:10 of 1st period - Snap shot by Michael Ryder.
5:10 of 1st period - Stopped by Reto Berra with a rebound.
5:12 of 1st period - Slapshot by Keith Ballard.
5:12 of 1st period - Shot Blocked by C.J. Stretch.
5:14 of 1st period - Slapshot by Michael Ryder.
5:14 of 1st period - Stopped by Reto Berra with a rebound.
5:16 of 1st period - Snap shot by Keith Ballard.
5:16 of 1st period - Stopped by Reto Berra with a rebound.
5:18 of 1st period - Snap shot by Lucas Lessio.
5:18 of 1st period - Shot Misses the Net.
5:37 of 1st period - Icing by Michael Ryder.
5:38 of 1st period - Tom Kostopoulos wins face-off versus Max Reinhart in Heat zone.
6:21 of 1st period - Teuvo Teravainen is hit by Matt Ellis and loses puck.
6:49 of 1st period - Justin Falk is hit by Tyson Strachan and loses puck.
7:41 of 1st period - Konrad Abeltshauser is hit by Taylor Doherty and loses puck.
7:53 of 1st period - Minor Penalty to Luke Gazdic for Hooking.
7:54 of 1st period - Seth Griffith wins face-off versus Jason Jaffray in Reign zone.
8:02 of 1st period - Wrist shot by Seth Griffith.
8:02 of 1st period - Deflect By Matt Ellis.
8:02 of 1st period - Shot Misses the Net.
8:02 of 1st period - Puck is out of play.
8:03 of 1st period - Jason Jaffray wins face-off versus Matt Ellis in Reign zone.
8:10 of 1st period - Slapshot by Seth Griffith.
8:10 of 1st period - Goal by Seth Griffith - Heat : 3 - Reign : 0.
8:11 of 1st period - Max Reinhart wins face-off versus Brett Olson in neutral zone.
9:01 of 1st period - Icing by Corey Potter.
9:02 of 1st period - Tyler Pitlick wins face-off versus Mikhail Grigorenko in Heat zone.
9:21 of 1st period - Snap shot by Teuvo Teravainen.
9:21 of 1st period - Shot Misses the Net.
9:23 of 1st period - Snap shot by Nathan Paetsch.
9:23 of 1st period - Shot Misses the Net.
9:25 of 1st period - Wrist shot by Jason Jaffray.
9:25 of 1st period - Shot Blocked by Keith Ballard.
9:27 of 1st period - Slapshot by Nathan Paetsch.
9:27 of 1st period - Stopped by Michael Leighton without a rebound.
9:28 of 1st period - Matt Ellis wins face-off versus Tom Kostopoulos in Heat zone.
9:45 of 1st period - Justin Falk is hit by Jason Garrison and loses puck.
10:13 of 1st period - Nathan Paetsch is hit by Keith Ballard and loses puck.
10:22 of 1st period - Wrist shot by Brian McGrattan.
10:22 of 1st period - Stopped by Michael Leighton with a rebound.
12:52 of 1st period - Slapshot by Tyler Pitlick.
12:52 of 1st period - Shot Misses the Net.
13:05 of 1st period - Snap shot by Michael Ferland.
13:05 of 1st period - Stopped by Reto Berra without a rebound.
13:06 of 1st period - C.J. Stretch wins face-off versus Matt Ellis in Reign zone.
13:56 of 1st period - Tyler Pitlick is hit by Davis Drewiske.
14:23 of 1st period - Keith Ballard is hit by Mikhail Grigorenko and loses puck.
14:44 of 1st period - Tyler Pitlick is hit by Taylor Doherty and loses puck.
14:59 of 1st period - Minor Penalty to Eric Boulton for Holding.
15:00 of 1st period - Brian McGrattan wins face-off versus Max Reinhart in Heat zone.
15:05 of 1st period - Wrist shot by Jason Jaffray.
15:05 of 1st period - Shot Blocked by Jason Garrison.
15:07 of 1st period - Snap shot by Teuvo Teravainen.
15:07 of 1st period - Stopped by Michael Leighton without a rebound.
15:08 of 1st period - Max Reinhart wins face-off versus Brian McGrattan in Heat zone.
16:18 of 1st period - Jason Garrison is hit by Mikhail Grigorenko and loses puck.
16:23 of 1st period - Snap shot by Mikhail Grigorenko.
16:23 of 1st period - Stopped by Michael Leighton with a rebound.
16:40 of 1st period - Icing by C.J. Stretch.
16:41 of 1st period - Max Reinhart wins face-off versus C.J. Stretch in Reign zone.
16:57 of 1st period - Icing by Brian McGrattan.
16:58 of 1st period - Brian McGrattan wins face-off versus Max Reinhart in Reign zone.
16:59 of 1st period - Penalty to Eric Boulton is over, Eric Boulton is back on ice.
17:03 of 1st period - Jason Jaffray is hit by Eric Boulton and loses puck.
17:28 of 1st period - Snap shot by William Karlsson.
17:28 of 1st period - Stopped by Michael Leighton with a rebound.
17:30 of 1st period - Wrist shot by Nathan Paetsch.
17:30 of 1st period - Shot Blocked by Konrad Abeltshauser.
17:32 of 1st period - Slapshot by Nathan Paetsch.
17:32 of 1st period - Deflect By Andre Burakovsky.
17:32 of 1st period - Stopped by Michael Leighton with a rebound.
17:39 of 1st period - Icing by Konrad Abeltshauser.
17:40 of 1st period - Johan Larsson wins face-off versus C.J. Stretch in Heat zone.
19:30 of 1st period - Nathan Paetsch is hit by Lucas Lessio and loses puck.
19:45 of 1st period - Slapshot by Justin Falk.
19:45 of 1st period - Shot Misses the Net.
Goals for this period are 3 for Heat vs 0 for Reign.
Shots for this period are 9 for Heat vs 6 for Reign.

2nd period


0:01 of 2nd period - Johan Larsson wins face-off versus Mikhail Grigorenko in neutral zone.
0:06 of 2nd period - Snap shot by Johan Larsson.
0:06 of 2nd period - Shot Blocked by Taylor Doherty.
0:08 of 2nd period - Slapshot by Keith Ballard.
0:08 of 2nd period - Shot Blocked by Justin Falk.
0:10 of 2nd period - Snap shot by Johan Larsson.
0:10 of 2nd period - Deflect By Andre Burakovsky.
0:10 of 2nd period - Shot Misses the Net.
0:10 of 2nd period - Puck is out of play.
0:11 of 2nd period - Mikhail Grigorenko wins face-off versus Johan Larsson in Reign zone.
0:56 of 2nd period - Slapshot by William Karlsson.
0:56 of 2nd period - Stopped by Michael Leighton without a rebound.
0:57 of 2nd period - Max Reinhart wins face-off versus Brett Olson in Heat zone.
1:48 of 2nd period - Slapshot by Brooks Laich.
1:48 of 2nd period - Shot Misses the Net.
2:15 of 2nd period - Wrist shot by Seth Griffith.
2:15 of 2nd period - Shot Blocked by Davis Drewiske.
2:25 of 2nd period - C.J. Stretch is hit by Eric Boulton and loses puck.
3:18 of 2nd period - Wrist shot by Luke Gazdic.
3:18 of 2nd period - Shot Misses the Net.
3:20 of 2nd period - Snap shot by Taylor Doherty.
3:20 of 2nd period - Deflect By Luke Gazdic.
3:20 of 2nd period - Stopped by Michael Leighton with a rebound.
3:57 of 2nd period - Jason Jaffray is hit by Lucas Lessio.
4:44 of 2nd period - Icing by Brian McGrattan.
4:45 of 2nd period - Mikhail Grigorenko wins face-off versus Matt Ellis in Reign zone.
4:45 of 2nd period - Mikhail Grigorenko is hit by Seth Griffith.
5:42 of 2nd period - Jake McCabe is hit by Jason Garrison and loses puck.
5:47 of 2nd period - Slapshot by Tyler Pitlick.
5:47 of 2nd period - Shot Blocked by Jake McCabe.
5:49 of 2nd period - Slapshot by Corey Potter.
5:49 of 2nd period - Shot Misses the Net.
6:08 of 2nd period - Minor Penalty to Tom Kostopoulos for Tripping.
6:09 of 2nd period - Johan Larsson wins face-off versus Jason Jaffray in Reign zone.
7:31 of 2nd period - C.J. Stretch is hit by Keith Ballard and loses puck.
7:56 of 2nd period - Matt Ellis is hit by Mikhail Grigorenko and loses puck.
8:03 of 2nd period - Snap shot by Jason Garrison.
8:03 of 2nd period - Shot Blocked by Justin Falk.
8:05 of 2nd period - Snap shot by Seth Griffith.
8:05 of 2nd period - Stopped by Reto Berra without a rebound.
8:06 of 2nd period - Matt Ellis wins face-off versus C.J. Stretch in Reign zone.
8:08 of 2nd period - Penalty to Tom Kostopoulos is over, Tom Kostopoulos is back on ice.
9:09 of 2nd period - Keith Ballard is hit by Davis Drewiske and loses puck.
9:16 of 2nd period - Keith Ballard is hit by Matej Stransky and loses puck.
9:49 of 2nd period - Davis Drewiske is hit by Stephane Veilleux and loses puck.
10:08 of 2nd period - Minor Penalty to Nathan Paetsch for Roughing.
10:09 of 2nd period - Matt Ellis wins face-off versus Teuvo Teravainen in Reign zone.
10:10 of 2nd period - Slapshot by Seth Griffith.
10:10 of 2nd period - Deflect By Stephane Veilleux.
10:10 of 2nd period - Stopped by Reto Berra with a rebound.
10:12 of 2nd period - Snap shot by Stephane Veilleux.
10:12 of 2nd period - Shot Blocked by Taylor Doherty.
10:16 of 2nd period - Wrist shot by Seth Griffith.
10:16 of 2nd period - Stopped by Reto Berra without a rebound.
10:17 of 2nd period - Jason Jaffray wins face-off versus Seth Griffith in Reign zone.
10:23 of 2nd period - Icing by Seth Griffith.
10:24 of 2nd period - Jason Jaffray wins face-off versus Matt Ellis in Heat zone.
10:35 of 2nd period - Snap shot by Teuvo Teravainen.
10:35 of 2nd period - Shot Misses the Net.
10:51 of 2nd period - Jason Jaffray is hit by Stephane Veilleux and loses puck.
11:48 of 2nd period - Snap shot by Seth Griffith.
11:48 of 2nd period - Shot Blocked by Taylor Doherty.
11:50 of 2nd period - Snap shot by Jason Garrison.
11:50 of 2nd period - Stopped by Reto Berra with a rebound.
11:54 of 2nd period - Snap shot by Matt Ellis.
11:54 of 2nd period - Stopped by Reto Berra with a rebound.
12:06 of 2nd period - Slapshot by Andre Burakovsky.
12:06 of 2nd period - Shot Blocked by Justin Falk.
12:08 of 2nd period - Penalty to Nathan Paetsch is over, Nathan Paetsch is back on ice.
12:08 of 2nd period - Wrist shot by Brooks Laich.
12:08 of 2nd period - Shot Blocked by Nathan Paetsch.
12:10 of 2nd period - Slapshot by Keith Ballard.
12:10 of 2nd period - Stopped by Reto Berra with a rebound.
12:14 of 2nd period - Wrist shot by Andre Burakovsky.
12:14 of 2nd period - Shot Blocked by Justin Falk.
12:16 of 2nd period - Snap shot by Brooks Laich.
12:16 of 2nd period - Shot Misses the Net.
12:53 of 2nd period - Michael Ryder is hit by Tom Kostopoulos and loses puck.
13:06 of 2nd period - Snap shot by Brett Olson.
13:06 of 2nd period - Shot Blocked by Tyson Strachan.
13:08 of 2nd period - Snap shot by Tom Kostopoulos.
13:08 of 2nd period - Stopped by Michael Leighton with a rebound.
13:28 of 2nd period - Konrad Abeltshauser is hit by Evan Oberg and loses puck.
13:32 of 2nd period - Luke Gazdic and Konrad Abeltshauser fight to a draw.
13:32 of 2nd period - Penalty to Luke Gazdic for Fighting.
13:32 of 2nd period - Penalty to Konrad Abeltshauser for Fighting.
13:33 of 2nd period - Tom Kostopoulos wins face-off versus Tyler Pitlick in Heat zone.
14:04 of 2nd period - Wrist shot by Michael Ferland.
14:04 of 2nd period - Stopped by Reto Berra with a rebound.
14:06 of 2nd period - Slapshot by Tyler Pitlick.
14:06 of 2nd period - Stopped by Reto Berra with a rebound.
14:08 of 2nd period - Slapshot by Corey Potter.
14:08 of 2nd period - Deflect By Tyler Pitlick.
14:08 of 2nd period - Shot Misses the Net.
14:08 of 2nd period - Puck is out of play.
14:09 of 2nd period - Tom Kostopoulos wins face-off versus Matt Ellis in Reign zone.
14:14 of 2nd period - Matt Ellis is hit by Brett Olson and loses puck.
14:35 of 2nd period - Slapshot by Seth Griffith.
14:35 of 2nd period - Shot Blocked by Jake McCabe.
14:41 of 2nd period - Wrist shot by Seth Griffith.
14:41 of 2nd period - Stopped by Reto Berra with a rebound.
14:56 of 2nd period - Taylor Doherty is hit by Tyson Strachan and loses puck.
15:01 of 2nd period - Wrist shot by Andre Burakovsky.
15:01 of 2nd period - Stopped by Reto Berra with a rebound.
15:03 of 2nd period - Slapshot by Tyson Strachan.
15:03 of 2nd period - Deflect By William Karlsson.
15:03 of 2nd period - Stopped by Reto Berra with a rebound.
15:11 of 2nd period - Snap shot by Andre Burakovsky.
15:11 of 2nd period - Deflect By Johan Larsson.
15:11 of 2nd period - Stopped by Reto Berra without a rebound.
15:12 of 2nd period - Max Reinhart wins face-off versus C.J. Stretch in Reign zone.
15:19 of 2nd period - Snap shot by Michael Ryder.
15:19 of 2nd period - Shot Hit the Post.
15:43 of 2nd period - Slapshot by Michael Ryder.
15:43 of 2nd period - Shot Misses the Net.
16:47 of 2nd period - Slapshot by Michael Ferland.
16:47 of 2nd period - Shot Misses the Net.
17:42 of 2nd period - Wrist shot by Matt Ellis.
17:42 of 2nd period - Stopped by Reto Berra without a rebound.
17:43 of 2nd period - William Karlsson wins face-off versus Max Reinhart in Reign zone.
18:06 of 2nd period - Snap shot by Lucas Lessio.
18:06 of 2nd period - Stopped by Reto Berra without a rebound.
18:07 of 2nd period - Johan Larsson wins face-off versus Tom Kostopoulos in Reign zone.
18:10 of 2nd period - Snap shot by Johan Larsson.
18:10 of 2nd period - Stopped by Reto Berra with a rebound.
18:40 of 2nd period - Taylor Doherty is hit by Tyson Strachan and loses puck.
18:57 of 2nd period - Brett Olson is hit by Seth Griffith and loses puck.
19:23 of 2nd period - Slapshot by William Karlsson.
19:23 of 2nd period - Deflect By Luke Gazdic.
19:23 of 2nd period - Shot Misses the Net.
19:23 of 2nd period - Puck is out of play.
19:24 of 2nd period - Max Reinhart wins face-off versus William Karlsson in Heat zone.
19:33 of 2nd period - Snap shot by Lucas Lessio.
19:33 of 2nd period - Shot Blocked by Matej Stransky.
19:35 of 2nd period - Wrist shot by Michael Ryder.
19:35 of 2nd period - Shot Blocked by Justin Falk.
19:41 of 2nd period - Snap shot by Michael Ryder.
19:41 of 2nd period - Stopped by Reto Berra without a rebound.
19:42 of 2nd period - Brian McGrattan wins face-off versus Max Reinhart in Reign zone.
19:47 of 2nd period - Snap shot by Mikhail Grigorenko.
19:47 of 2nd period - Shot Misses the Net.
Goals for this period are 0 for Heat vs 0 for Reign.
Shots for this period are 16 for Heat vs 3 for Reign.

3rd period


0:01 of 3rd period - Mikhail Grigorenko wins face-off versus Johan Larsson in neutral zone.
0:06 of 3rd period - Wrist shot by Teuvo Teravainen.
0:06 of 3rd period - Shot Blocked by Stephane Veilleux.
0:26 of 3rd period - Snap shot by Teuvo Teravainen.
0:26 of 3rd period - Shot Blocked by Keith Ballard.
1:02 of 3rd period - Slapshot by Seth Griffith.
1:02 of 3rd period - Stopped by Reto Berra without a rebound.
1:03 of 3rd period - William Karlsson wins face-off versus Max Reinhart in Reign zone.
1:15 of 3rd period - Snap shot by Tom Kostopoulos.
1:15 of 3rd period - Stopped by Michael Leighton without a rebound.
1:16 of 3rd period - Brett Olson wins face-off versus Max Reinhart in Heat zone.
2:15 of 3rd period - Taylor Doherty is hit by Tyson Strachan and loses puck.
2:39 of 3rd period - Wrist shot by Matej Stransky.
2:39 of 3rd period - Shot Blocked by Matt Ellis.
3:00 of 3rd period - Icing by Justin Falk.
3:01 of 3rd period - Johan Larsson wins face-off versus Tom Kostopoulos in Reign zone.
3:04 of 3rd period - Snap shot by Johan Larsson.
3:04 of 3rd period - Deflect By Justin Falk.
3:04 of 3rd period - Shot Blocked by Justin Falk.
3:04 of 3rd period - Puck is out of play.
3:05 of 3rd period - Mikhail Grigorenko wins face-off versus Johan Larsson in Reign zone.
3:50 of 3rd period - Tyler Wotherspoon is hit by Tom Kostopoulos and loses puck.
4:01 of 3rd period - William Karlsson is hit by Keith Ballard and loses puck.
4:49 of 3rd period - Snap shot by Justin Falk.
4:49 of 3rd period - Shot Blocked by Michael Ferland.
4:51 of 3rd period - Slapshot by Justin Falk.
4:51 of 3rd period - Shot Misses the Net.
5:01 of 3rd period - Keith Ballard is hit by Jason Jaffray and loses puck.
5:14 of 3rd period - Wrist shot by Teuvo Teravainen.
5:14 of 3rd period - Stopped by Michael Leighton without a rebound.
5:15 of 3rd period - Mikhail Grigorenko wins face-off versus Brooks Laich in Heat zone.
5:43 of 3rd period - Off-side.
5:44 of 3rd period - Johan Larsson wins face-off versus Brett Olson in neutral zone.
6:03 of 3rd period - Snap shot by Andre Burakovsky.
6:03 of 3rd period - Shot Misses the Net.
6:05 of 3rd period - Slapshot by Corey Potter.
6:05 of 3rd period - Shot Hit the Post.
6:07 of 3rd period - Snap shot by Konrad Abeltshauser.
6:07 of 3rd period - Shot Misses the Net.
6:09 of 3rd period - Slapshot by Konrad Abeltshauser.
6:09 of 3rd period - Deflect By Johan Larsson.
6:09 of 3rd period - Goal by Johan Larsson - Heat : 4 - Reign : 0.
6:10 of 3rd period - Mikhail Grigorenko wins face-off versus Matt Ellis in neutral zone.
6:13 of 3rd period - Tyson Strachan is hit by Justin Falk and loses puck.
6:22 of 3rd period - Backhand shot by Brooks Laich.
6:22 of 3rd period - Stopped by Reto Berra with a rebound.
6:24 of 3rd period - Slapshot by Brooks Laich.
6:24 of 3rd period - Stopped by Reto Berra with a rebound.
6:26 of 3rd period - Slapshot by Tyson Strachan.
6:26 of 3rd period - Shot Misses the Net.
6:38 of 3rd period - Slapshot by Jason Garrison.
6:38 of 3rd period - Shot Blocked by Justin Falk.
6:46 of 3rd period - Wrist shot by Seth Griffith.
6:46 of 3rd period - Stopped by Reto Berra with a rebound.
7:39 of 3rd period - Minor Penalty to Tom Kostopoulos for Tripping.
7:40 of 3rd period - Jason Jaffray wins face-off versus Matt Ellis in Reign zone.
8:34 of 3rd period - Nathan Paetsch is hit by Johan Larsson and loses puck.
9:00 of 3rd period - Matt Ellis is hit by Nathan Paetsch and loses puck.
9:23 of 3rd period - Snap shot by Johan Larsson.
9:23 of 3rd period - Stopped by Reto Berra with a rebound.
9:25 of 3rd period - Slapshot by Jason Garrison.
9:25 of 3rd period - Stopped by Reto Berra with a rebound.
9:27 of 3rd period - Backhand shot by Tyson Strachan.
9:27 of 3rd period - Goal by Tyson Strachan - Heat : 5 - Reign : 0.
9:28 of 3rd period - Max Reinhart wins face-off versus Brett Olson in neutral zone.
9:48 of 3rd period - Snap shot by Lucas Lessio.
9:48 of 3rd period - Shot Blocked by Taylor Doherty.
9:56 of 3rd period - Wrist shot by William Karlsson.
9:56 of 3rd period - Shot Misses the Net.
10:24 of 3rd period - Eric Boulton is hit by Taylor Doherty and loses puck.
10:33 of 3rd period - Eric Boulton is hit by Matej Stransky and loses puck.
10:50 of 3rd period - Slapshot by Teuvo Teravainen.
10:50 of 3rd period - Goal by Teuvo Teravainen - Heat : 5 - Reign : 1.
10:51 of 3rd period - Brian McGrattan wins face-off versus Matt Ellis in neutral zone.
11:37 of 3rd period - Andre Burakovsky is hit by Davis Drewiske and loses puck.
12:08 of 3rd period - Mikhail Grigorenko is hit by Stephane Veilleux and loses puck.
12:20 of 3rd period - Jake McCabe is hit by Konrad Abeltshauser and loses puck.
12:33 of 3rd period - Tom Kostopoulos is hit by Konrad Abeltshauser.
12:39 of 3rd period - Wrist shot by Justin Falk.
12:39 of 3rd period - Deflect By Tom Kostopoulos.
12:39 of 3rd period - Stopped by Michael Leighton with a rebound.
12:41 of 3rd period - Slapshot by Justin Falk.
12:41 of 3rd period - Stopped by Michael Leighton with a rebound.
13:24 of 3rd period - Snap shot by Jason Garrison.
13:24 of 3rd period - Shot Blocked by Jason Jaffray.
13:26 of 3rd period - Slapshot by Tyson Strachan.
13:26 of 3rd period - Deflect By Jason Jaffray.
13:26 of 3rd period - Stopped by Reto Berra without a rebound.
13:27 of 3rd period - Mikhail Grigorenko wins face-off versus Tyler Pitlick in Reign zone.
13:54 of 3rd period - Tom Kostopoulos is hit by Eric Boulton and loses puck.
14:23 of 3rd period - Icing by Brian McGrattan.
14:24 of 3rd period - Matt Ellis wins face-off versus C.J. Stretch in Reign zone.
14:25 of 3rd period - Slapshot by Seth Griffith.
14:25 of 3rd period - Shot Misses the Net.
14:39 of 3rd period - Snap shot by C.J. Stretch.
14:39 of 3rd period - Stopped by Michael Leighton without a rebound.
14:40 of 3rd period - Johan Larsson wins face-off versus Mikhail Grigorenko in Heat zone.
14:45 of 3rd period - Teuvo Teravainen is hit by Keith Ballard and loses puck.
16:08 of 3rd period - Snap shot by Matt Ellis.
16:08 of 3rd period - Deflect By Seth Griffith.
16:08 of 3rd period - Shot Blocked by Evan Oberg.
16:08 of 3rd period - Puck is out of play.
16:09 of 3rd period - Mikhail Grigorenko wins face-off versus Matt Ellis in Reign zone.
16:22 of 3rd period - Wrist shot by Teuvo Teravainen.
16:22 of 3rd period - Stopped by Michael Leighton with a rebound.
16:41 of 3rd period - Minor Penalty to Davis Drewiske for Interference.
16:42 of 3rd period - Johan Larsson wins face-off versus Jason Jaffray in Reign zone.
18:41 of 3rd period - Penalty to Davis Drewiske is over, Davis Drewiske is back on ice.
18:49 of 3rd period - Teuvo Teravainen is hit by Johan Larsson and loses puck.
19:24 of 3rd period - Slapshot by Michael Ryder.
19:24 of 3rd period - Goal by Michael Ryder - Heat : 6 - Reign : 1.
19:25 of 3rd period - Brett Olson wins face-off versus Tyler Pitlick in neutral zone.
19:27 of 3rd period - Taylor Doherty beats up Tyson Strachan.
19:27 of 3rd period - Penalty to Taylor Doherty for Fighting.
19:27 of 3rd period - Penalty to Tyson Strachan for Fighting.
19:27 of 3rd period - Penalty to Tyson Strachan for instigated a fight.
19:27 of 3rd period - Penalty to Tyson Strachan for instigated a fight.
19:28 of 3rd period - Brett Olson wins face-off versus Tyler Pitlick in Heat zone.
19:44 of 3rd period - Snap shot by Mikhail Grigorenko.
19:44 of 3rd period - Stopped by Michael Leighton without a rebound.
19:45 of 3rd period - Brett Olson wins face-off versus Tyler Pitlick in Heat zone.
Goals for this period are 3 for Heat vs 1 for Reign.
Shots for this period are 10 for Heat vs 8 for Reign.